 Dungeon Crawl Stone Soup version 0.26.0-45-g9c1d065592 (webtiles) character file.

Game seed: 11289173473422724337

812 canine the Cleaver (level 7, 0/64 HPs)
             Began as a Palentonga Monk on Jan 28, 2021.
             Was a Priest of Okawaru.
             Slain by an ogre
             ... wielding a +0 giant club
              (17 damage)
             ... on level 5 of the Dungeon.
             The game lasted 00:06:31 (6111 turns).

canine the Cleaver (Palentonga Monk)                Turns: 6111, Time: 00:06:31

Health: 0/64       AC: 21    Str: 16    XL:     7   Next: 61%
Magic:  7/7        EV:  8    Int: 11    God:    Okawaru [***...]
Gold:   292        SH:  0    Dex: 18    Spells: 6/6 levels left

rFire    + . .     SeeInvis +   b - +8 glaive of the Guard {elec, spectral, AC+5}
rCold    . . .     Faith    .   (shield currently unavailable)
rNeg     . . .     Spirit   .   v - +0 scale mail
rPois    .         Reflect  .   s - +2 hat
rElec    .         Harm     .   (no cloak)
rCorr    .         Rampage  .   m - +0 pair of gloves
Will     .....                  (no barding)
Stlth    +.........             (no amulet)
HPRegen  0.20/turn              e - ring of protection from fire
MPRegen  0.10/turn              x - +6 ring of dexterity

@: lethally poisoned (0 -> -8), attractive, flying, curled up
A: large, rugged brown scales 3, see invisible, deformed body, roll 1, armoured
tail, reflexive curl
a: Rolling Charge, Renounce Religion, Heroism


You were on level 5 of the Dungeon.
You worshipped Okawaru.
Okawaru was most pleased with you.
You visited 1 branch of the dungeon, and saw 5 of its levels.

You collected 292 gold pieces.

Inventory:

Hand Weapons
 a - a +0 hand axe
 b - the +8 glaive of the Guard (weapon) {elec, spectral, AC+5}
   (You found it on level 4 of the Dungeon)

   Occasionally, upon striking a foe, it can discharge electrical energy and
   cause terrible harm.
   It retains the spirit of the tree from which it was made.
   In the hands of one skilled in evocations this spirit is drawn out to fight
   along side the wielder.
   It affects your AC (+5).
Armour
 m - a +0 pair of gloves (worn)
 s - a +2 hat (worn)
 v - a +0 scale mail (worn)
Jewellery
 e - a ring of protection from fire (left hand)
 x - a +6 ring of dexterity (right hand)
Wands
 u - a wand of acid (1)
Scrolls
 d - a scroll of teleportation {unknown}
 h - a scroll of blinking {unknown}
 k - a scroll of remove curse
 l - a scroll of magic mapping
 p - a scroll of immolation {unknown}
 r - a scroll of amnesia {unknown}
 w - 2 scrolls of identify {unknown}
Potions
 c - 2 potions of flight
 f - a potion of heal wounds
 g - a potion of haste {unknown}
 i - a potion of might {unknown}
 j - a potion of curing {unknown}
 n - 2 potions of attraction
 o - a potion of mutation {unknown}
 q - a potion of degeneration {unknown}
 t - a potion of ambrosia {unknown}
 y - a potion of magic {unknown}


   Skills:
 + Level 4.8 Fighting
 - Level 8.0(8.1) Axes
 * Level 1.8(4.9) Polearms
 - Level 2.4 Dodging
 - Level 1.2 Stealth


You had 6 spell levels left.
You didn't know any spells.
Your spell library was empty.

Dungeon Overview and Level Annotations

Branches:
Dungeon (5/15)
 Temple: D:4-7

Altars:
Dithmenos
Elyvilon
Gozag
Okawaru

Annotations:
D:2 exclusion: 2 goblins


Innate Abilities, Weirdness & Mutations

You are completely covered in rugged brown scales. (AC +3, +7% HP)
You have supernaturally acute eyesight. (SInv)
Armour fits poorly on your strangely shaped body.
You can roll at nearby foes to attack.
You have a long armoured tail.
You curl defensively after being hit.


Message History

Press: ? - help, Shift-Dir - straight line, f/p - Edmund
Aim: Edmund, wielding a +1 flail of venom, wearing a +0 leather armour and carrying a wand of polymorph (6) (severely wounded, 29% to evade)
The bolt of acid hits the ufetubus!
The ufetubus is splashed with acid!
The acid corrodes the ufetubus!
You kill the ufetubus!
Okawaru accepts your kill.
The bolt of acid hits Edmund!
Edmund is splashed with acid!
You kill Edmund!
Okawaru is honoured by your kill.
Okawaru will now gift you ammunition as you gain piety.
You feel sick.
Your base Polearms skill increases to level 1!
Evoke which item? (* to show all) (? for menu, Esc to quit)
Aiming: Corrosive Bolt
Press: ? - help, Shift-Dir - straight line, f - ogre
Aim: an ogre, wielding a +0 giant club (14% to evade)
The bolt of acid hits the ogre!
The ogre is splashed with acid.
The ogre is heavily wounded.
You feel sick. The ogre hits you with a +0 giant club!
You die...

...... .....
#.... # ....
#.#..#
.#.##.#..#
.......).#
#O# ####@##
#.....# ....
#.....#.....
#.....##....
####......#
#......##.###
#......##...
#......##.###
#......'...#


You could see an ogre.

Vanquished Creatures
  Edmund (D:5)
  A black bear (D:2)
  An ogre (D:4)
  2 howler monkeys (D:4)
  3 orc wizards
  Jessica (D:2)
  2 iguanas (D:4)
  A worker ant (D:4)
  2 gnolls (D:2)
  7 adders
  A white imp (D:5)
  2 ufetubi (D:5)
  2 oozes (D:3)
  3 worms
  A dart slug (D:2)
  5 leopard geckos
  22 orcs
  9 bats
  5 giant cockroaches
  9 goblins
  9 hobgoblins
  13 jackals
  9 quokkas
  A ball python (D:4)
  2 frilled lizards
  14 kobolds
  8 rats
136 creatures vanquished.

Vanquished Creatures (others)
  80 plants (D:2)
80 creatures vanquished.

Grand Total: 216 creatures vanquished

Notes
Turn   | Place    | Note
-------+----------+-------------------------------------------
     0 | D:1      | canine the Palentonga Monk began the quest for the Orb.
     0 | D:1      | Reached XP level 1. HP: 20/20 MP: 1/1
   217 | D:1      | Reached XP level 2. HP: 12/27 MP: 2/2
   898 | D:1      | Reached skill level 4 in Axes
  1003 | D:1      | Reached XP level 3. HP: 32/33 MP: 3/3
  1156 | D:2      | Found an iron altar of Okawaru.
  1247 | D:2      | Became a worshipper of Warmaster Okawaru
  1247 | D:2      | Reached * piety under Okawaru
  1247 | D:2      | Reached ** piety under Okawaru
  1291 | D:2      | Noticed Jessica
  1300 | D:2      | Killed Jessica
  1564 | D:2      | Reached XP level 4. HP: 40/40 MP: 4/4
  1613 | D:2      | Noticed a black bear
  1617 | D:2      | Reached skill level 5 in Axes
  1619 | D:2      | Killed a black bear
  1620 | D:2      | Reached XP level 5. HP: 24/48 MP: 5/5
  1667 | D:2      | Reached skill level 6 in Axes
  2257 | D:2      | Found an opulent altar of Gozag.
  3535 | D:3      | Found a shadowy altar of Dithmenos.
  3550 | D:3      | Reached XP level 6. HP: 43/54 MP: 6/6
  3941 | D:3      | Reached skill level 7 in Axes
  4603 | D:4      | Reached skill level 8 in Axes
  4909 | D:4      | Found a white marble altar of Elyvilon.
  5088 | D:4      | Gained mutation: You curl defensively after being hit.
                  | [Palentonga growth]
  5088 | D:4      | Reached XP level 7. HP: 48/60 MP: 7/7
  5782 | D:4      | Found the +8 glaive of the Guard {elec, spectral, AC+5}
  6078 | D:5      | Entered Level 5 of the Dungeon
  6098 | D:5      | Noticed Edmund
  6110 | D:5      | Killed Edmund
  6110 | D:5      | Reached *** piety under Okawaru
  6111 | D:5      | Reached skill level 1 in Polearms
  6111 | D:5      | Slain by an ogre

Illustrated notes

Levels and vault maps discovered:
D:1:      minmay_arrival_four_houses, layout_basic, nrook_mini_vaults,
          minmay_cupped
D:2:      wad_woods_stonehenge, layout_basic, kennysheep_okawaru_gauntlet,
          uniq_jessica
D:3:      layout_loops_ring, nicolae_dithmenos_shadow_blocks
D:4:      minmay_spotlight, layout_gridville, kennysheep_mini
D:5:      layout_basic, uniq_edmund

Skill      XL: |  1  2  3  4  5  6  7 |
---------------+----------------------+-----
Axes           | 4 5 6 8 |  8.0
Fighting       | 4 |  4.8
Polearms       | 1 |  1.8
Dodging        | |  2.4
Stealth        | |  1.2

Action                   |  1- 3 |  4- 6 |  7- 9 || total
-------------------------+-------+-------+-------++-------
Melee: Hand axe          |   103 |   273 |    57 ||   433
       Tailslap          |     6 |    30 |     5 ||    41
       Glaive            |       |       |     6 ||     6
Invok: Heroism           |       |       |     1 ||     1
 Abil: Rolling Charge    |       |     1 |     2 ||     3
Evoke: Wand              |       |       |     3 ||     3
  Use: Scroll            |       |     2 |     1 ||     3
       Potion            |       |       |     3 ||     3
 Stab: Sleeping          |     2 |       |       ||     2
       Distracted        |     1 |       |       ||     1
Armor: Robe              |    43 |     6 |       ||    49
       Ring mail         |       |    84 |       ||    84
       Scale mail        |       |     4 |    36 ||    40
Dodge: Dodged            |    77 |   136 |    38 ||   251
